PIO (24 & UNDER)
CHULA VISTA TACOS @ SALEM SLEDGEHAMMERS
10/08/2027
 
TOP OF THE 1ST
Chula Vista Tacos batting - Pitching for Salem Sledgehammers : LHP Ken Johnston
Pitching: LHP Ken Johnston
Batting: RHB Matt O'Rourke 0-0: Swinging Strike
0-1: Swinging Strike
0-2: Ball
1-2: Foul Ball, location: 2F
1-2: Ball
2-2: SINGLE (Groundball, 56D)
Batting: RHB Gerald Davis 0-0: Ground out 3-1 (Groundball, 34S)
Matt O'Rourke to second
Batting: LHB John White 0-0: Ball
1-0: Called Strike
1-1: Fly out, F9 (Flyball, 9S)
Batting: RHB Jake Reeves 0-0: Ball
1-0: Called Strike
1-1: Foul Ball, location: 2F
1-2: Strikes out looking
Top of the 1st over - 0 run(s), 1 hit(s), 0 error(s), 1 left on base; Chula Vista 0 - Salem 0
BOTTOM OF THE 1ST
Salem Sledgehammers batting - Pitching for Chula Vista Tacos : RHP Javier García
Pitching: RHP Javier García
Batting: RHB Luis Bustamante 0-0: Called Strike
0-1: Ball
1-1: Foul Ball, location: 2F
1-2: Strikes out swinging
Batting: RHB José García 0-0: Ball
1-0: Ball
2-0: Fly out, F8 (Flyball, 8RM)
Batting: SHB Richard Griffin 0-0: Ball
1-0: Ground out 5-3 (Groundball, 5D)
Bottom of the 1st over - 0 run(s), 0 hit(s), 0 error(s), 0 left on base; Chula Vista 0 - Salem 0
TOP OF THE 2ND
Chula Vista Tacos batting - Pitching for Salem Sledgehammers : LHP Ken Johnston
Batting: LHB Ethan Shaw 0-0: Called Strike
0-1: Ball
1-1: Ball
2-1: Called Strike
2-2: Ball
3-2: Strikes out swinging
Batting: RHB Javier González 0-0: Foul Ball, location: 2F
0-1: Swinging Strike
0-2: Strikes out swinging
Batting: LHB Arthur MacDonald 0-0: Ball
1-0: Fly out, F8 (Flyball, 8RS)
Top of the 2nd over - 0 run(s), 0 hit(s), 0 error(s), 0 left on base; Chula Vista 0 - Salem 0
BOTTOM OF THE 2ND
Salem Sledgehammers batting - Pitching for Chula Vista Tacos : RHP Javier García
Batting: SHB Enrique Uribe 0-0: Ball
1-0: Ball
2-0: Ground out U3 (Groundball, 34)
Batting: RHB Bobby Miller 0-0: Foul Ball, location: 2F
0-1: Ball
1-1: Foul Ball, location: 2F
1-2: Fly out, F4 (Flyball, 4D)
Batting: RHB Gilberto Tovar 0-0: Ball
1-0: Fly out, F6 (Popup, 6MD)
Bottom of the 2nd over - 0 run(s), 0 hit(s), 0 error(s), 0 left on base; Chula Vista 0 - Salem 0
TOP OF THE 3RD
Chula Vista Tacos batting - Pitching for Salem Sledgehammers : LHP Ken Johnston
Batting: LHB Nick Hill 0-0: Called Strike
0-1: Called Strike
0-2: Ball
1-2: Foul Ball, location: 2F
1-2: Strikes out swinging
Batting: RHB Juan Morales 0-0: Ball
1-0: Called Strike
1-1: Ground out 5-3 (Groundball, 5)
Batting: RHB Matt O'Rourke 0-0: Ground out 6-3 (Groundball, 6)
Top of the 3rd over - 0 run(s), 0 hit(s), 0 error(s), 0 left on base; Chula Vista 0 - Salem 0
BOTTOM OF THE 3RD
Salem Sledgehammers batting - Pitching for Chula Vista Tacos : RHP Javier García
Batting: RHB Gilberto Silva 0-0: Called Strike
0-1: Fly out, F7 (Line Drive, 7S)
Batting: RHB Glenn Broadwater 0-0: Fly out, F9 (Flyball, 9S)
Batting: RHB Lakota O'Reilly 0-0: Called Strike
0-1: Ball
1-1: Ball
2-1: Fly out, F8 (Flyball, 8RM)
Bottom of the 3rd over - 0 run(s), 0 hit(s), 0 error(s), 0 left on base; Chula Vista 0 - Salem 0
TOP OF THE 4TH
Chula Vista Tacos batting - Pitching for Salem Sledgehammers : LHP Ken Johnston
Batting: RHB Gerald Davis 0-0: Ball
1-0: Ball
2-0: Ball
3-0: Called Strike
3-1: Ground out 5-3 (Groundball, 56S)
Batting: LHB John White 0-0: Swinging Strike
0-1: Ball
1-1: Ball
2-1: Ball
3-1: Base on Balls
Batting: RHB Jake Reeves 0-0: Ball
1-0: Called Strike
1-1: Called Strike
1-2: Strikes out swinging
Batting: LHB Ethan Shaw 0-0: Ball
1-0: Ball
2-0: Fly out, F8 (Flyball, 78M)
Top of the 4th over - 0 run(s), 0 hit(s), 0 error(s), 1 left on base; Chula Vista 0 - Salem 0
BOTTOM OF THE 4TH
Salem Sledgehammers batting - Pitching for Chula Vista Tacos : RHP Javier García
Batting: RHB Luis Bustamante 0-0: Foul Ball, location: 2F
0-1: Fly out, F9 (Flyball, 9LSF)
Batting: RHB José García 0-0: Ball
1-0: Ball
2-0: Swinging Strike
2-1: Ball
3-1: Swinging Strike
3-2: Foul Ball, location: 2F
3-2: Strikes out looking
Batting: SHB Richard Griffin 0-0: Swinging Strike
0-1: Ball
1-1: Foul Ball, location: 2F
1-2: Ground out 6-3 (Groundball, 6)
Bottom of the 4th over - 0 run(s), 0 hit(s), 0 error(s), 0 left on base; Chula Vista 0 - Salem 0
TOP OF THE 5TH
Chula Vista Tacos batting - Pitching for Salem Sledgehammers : LHP Ken Johnston
Batting: RHB Javier González 0-0: Called Strike
0-1: Ball
1-1: Foul Ball, location: 2F
1-2: Strikes out swinging
Batting: LHB Arthur MacDonald 0-0: Ball
1-0: Called Strike
1-1: Foul Ball, location: 2F
1-2: Strikes out swinging
Batting: LHB Nick Hill 0-0: Foul Ball, location: 2F
0-1: Ball
1-1: Fly out, F8 (Flyball, 8LM)
Top of the 5th over - 0 run(s), 0 hit(s), 0 error(s), 0 left on base; Chula Vista 0 - Salem 0
BOTTOM OF THE 5TH
Salem Sledgehammers batting - Pitching for Chula Vista Tacos : RHP Javier García
Batting: SHB Enrique Uribe 0-0: Ground out 6-3 (Groundball, 6)
Batting: RHB Bobby Miller 0-0: Ball
1-0: Ball
2-0: Ball
3-0: Base on Balls
Batting: RHB Gilberto Tovar 0-0: Ball
1-0: Grounds into double play, 3-6-4 (Groundball, 34)
Bottom of the 5th over - 0 run(s), 0 hit(s), 0 error(s), 0 left on base; Chula Vista 0 - Salem 0
TOP OF THE 6TH
Chula Vista Tacos batting - Pitching for Salem Sledgehammers : LHP Ken Johnston
Batting: RHB Juan Morales 0-0: Ground out 5-3 (Groundball, 5)
Batting: RHB Matt O'Rourke 0-0: Ball
1-0: Called Strike
1-1: Foul Ball, location: 2F
1-2: Ball
2-2: Ball
3-2: Ground out 6-3 (Groundball, 6)
Batting: RHB Gerald Davis 0-0: Ball
1-0: Swinging Strike
1-1: Foul Ball, location: 2F
1-2: Ball
2-2: Foul Ball, location: 2F
2-2: Foul Ball, location: 2F
2-2: Ground out 6-3 (Groundball, 6)
Top of the 6th over - 0 run(s), 0 hit(s), 0 error(s), 0 left on base; Chula Vista 0 - Salem 0
BOTTOM OF THE 6TH
Salem Sledgehammers batting - Pitching for Chula Vista Tacos : RHP Javier García
Batting: RHB Gilberto Silva 0-0: Ball
1-0: Ball
2-0: Ball
3-0: Fly out, F6 (Popup, 6MD)
Batting: RHB Glenn Broadwater 0-0: Ball
1-0: Foul Ball, location: 2F
1-1: Foul Ball, location: 2F
1-2: Strikes out looking
Batting: RHB Lakota O'Reilly 0-0: Ball
1-0: Ball
2-0: Swinging Strike
2-1: Ball
3-1: Swinging Strike
3-2: Foul Ball, location: 2F
3-2: DOUBLE (Line Drive, 89XD)
Batting: RHB Luis Bustamante 0-0: SINGLE (Groundball, 34D)
Lakota O'Reilly to third
Runner from 3rd tries for Home, SAFE, no throw
Batting: RHB José García 0-0: Ball
1-0: Fly out, F9 (Flyball, 9LM)
Bottom of the 6th over - 1 run(s), 2 hit(s), 0 error(s), 1 left on base; Chula Vista 0 - Salem 1
TOP OF THE 7TH
Chula Vista Tacos batting - Pitching for Salem Sledgehammers : LHP Ken Johnston
Batting: LHB John White 0-0: Foul Ball, location: 2F
0-1: Ground out U3 (Groundball, 34)
Batting: RHB Jake Reeves 0-0: Ball
1-0: Swinging Strike
1-1: Called Strike
1-2: Strikes out looking
Batting: LHB Ethan Shaw 0-0: Swinging Strike
0-1: Foul Ball, location: 2F
0-2: Foul Ball, location: 2F
0-2: Ball
1-2: Ball
2-2: Foul Ball, location: 2F
2-2: Ball
3-2: Foul Ball, location: 2F
3-2: Foul Ball, location: 2F
3-2: Base on Balls
Pitching: RHP Gustavo Castillo
Batting: RHB Javier González 0-0: Called Strike
0-1: Ball
1-1: Called Strike
1-2: Ball
2-2: Foul Ball, location: 2F
2-2: Ball
3-2: Foul Ball, location: 2F
3-2: Base on Balls
Ethan Shaw to second
Pinch Runner at 2nd Gonzalo Benítez:
Batting: LHB Arthur MacDonald 0-0: Ball
1-0: Foul Ball, location: 2F
1-1: Ball
2-1: Foul Ball, location: 2F
2-2: Ball
3-2: Foul Ball, location: 2F
3-2: Fly out, F9 (Flyball, 9LMF)
Top of the 7th over - 0 run(s), 0 hit(s), 0 error(s), 2 left on base; Chula Vista 0 - Salem 1
BOTTOM OF THE 7TH
Salem Sledgehammers batting - Pitching for Chula Vista Tacos : RHP Javier García
Batting: SHB Richard Griffin 0-0: Fly out, F7 (Line Drive, 7D)
Batting: SHB Enrique Uribe 0-0: Ball
1-0: Swinging Strike
1-1: Called Strike
1-2: Ball
2-2: Ball
3-2: SINGLE (Flyball, 78S)
Batting: RHB Bobby Miller 0-0: Ball
1-0: Foul Ball, location: 2F
1-1: Swinging Strike
1-2: Ball
2-2: Foul Ball, location: 2F
2-2: Ball
3-2: Foul Ball, location: 2F
3-2: Foul Ball, location: 2F
3-2: Grounds into double play, 6-4-3 (Groundball, 6)
Bottom of the 7th over - 0 run(s), 1 hit(s), 0 error(s), 0 left on base; Chula Vista 0 - Salem 1
TOP OF THE 8TH
Chula Vista Tacos batting - Pitching for Salem Sledgehammers : RHP Gustavo Castillo
Pitching: LHP Alberto Pagán
Batting: LHB Nick Hill 0-0: Called Strike
0-1: Ball
1-1: Ball
2-1: Called Strike
2-2: Strikes out swinging
Batting: RHB Juan Morales 0-0: Foul Ball, location: 2F
0-1: Ball
1-1: Ball
2-1: Ball
3-1: Ground out 5-3 (Groundball, 56)
Batting: RHB Matt O'Rourke 0-0: Called Strike
0-1: Foul Ball, location: 2F
0-2: Strikes out swinging
Top of the 8th over - 0 run(s), 0 hit(s), 0 error(s), 0 left on base; Chula Vista 0 - Salem 1
BOTTOM OF THE 8TH
Salem Sledgehammers batting - Pitching for Chula Vista Tacos : RHP Javier García
Batting: RHB Gilberto Tovar 0-0: SINGLE (Line Drive, 8RS)
Batting: RHB Gilberto Silva 0-0: Ball
1-0: Ball
2-0: Fly out, F3 (Popup, 3L)
Batting: RHB Glenn Broadwater 0-0: Fly out, F8 (Flyball, 8LXD)
Pinch Hitting: RHB Robert Stevens 0-0: Ball
1-0: Ball
2-0: Foul Ball, location: 2F
2-1: Foul Ball, location: 2F
2-2: Fielders Choice at 2nd, 6-4 (Groundball, 6)
Bottom of the 8th over - 0 run(s), 1 hit(s), 0 error(s), 0 left on base; Chula Vista 0 - Salem 1
TOP OF THE 9TH
Chula Vista Tacos batting - Pitching for Salem Sledgehammers : LHP Alberto Pagán
Pitching: RHP Juan Herrera
Now at 2B: Fernando Bórquez
Batting: RHB Gerald Davis 0-0: Called Strike
0-1: Foul Ball, location: 2F
0-2: Ball
1-2: Foul Ball, location: 2F
1-2: Ball
2-2: Fly out, F2 (Popup, 3S)
Batting: LHB John White 0-0: Fly out, F7 (Flyball, 7)
Batting: RHB Jake Reeves 0-0: SOLO HOME RUN (Line Drive, 7D), Distance : 394 ft
Batting: LHB Gonzalo Benítez 0-0: Ball
1-0: Swinging Strike
1-1: Ball
2-1: Swinging Strike
2-2: Foul Ball, location: 2F
2-2: Strikes out swinging
Top of the 9th over - 1 run(s), 1 hit(s), 0 error(s), 0 left on base; Chula Vista 1 - Salem 1
BOTTOM OF THE 9TH
Salem Sledgehammers batting - Pitching for Chula Vista Tacos : RHP Javier García
Pitching: RHP Rick Hernández
Batting: RHB Luis Bustamante 0-0: Foul Ball, location: 2F
0-1: Ground out 5-3 (Groundball, 56S)
Batting: RHB José García 0-0: Called Strike
0-1: Foul Ball, location: 2F
0-2: Ball
1-2: Ball
2-2: Fly out, F8 (Flyball, 8RD)
Batting: SHB Richard Griffin 0-0: Ball
1-0: Called Strike
1-1: Ball
2-1: Foul Ball, location: 2F
2-2: Ball
3-2: Ground out 3-1 (Groundball, 34)
Bottom of the 9th over - 0 run(s), 0 hit(s), 0 error(s), 0 left on base; Chula Vista 1 - Salem 1
TOP OF THE 10TH
Chula Vista Tacos batting - Pitching for Salem Sledgehammers : RHP Juan Herrera
Batting: RHB Javier González 0-0: Ball
1-0: Swinging Strike
1-1: Called Strike
1-2: Fly out, F9 (Flyball, 9S)
Batting: LHB Arthur MacDonald 0-0: Called Strike
0-1: Called Strike
0-2: Strikes out swinging
Pinch Hitting: LHB Steven Smith 0-0: Called Strike
0-1: Called Strike
0-2: Foul Ball, location: 2F
0-2: Strikes out swinging
Top of the 10th over - 0 run(s), 0 hit(s), 0 error(s), 0 left on base; Chula Vista 1 - Salem 1
BOTTOM OF THE 10TH
Salem Sledgehammers batting - Pitching for Chula Vista Tacos : RHP Rick Hernández
Now at C: José Oliveira
Batting: SHB Enrique Uribe 0-0: Ground out 5-3 (Groundball, 56)
Batting: RHB Bobby Miller 0-0: Called Strike
0-1: Ball
1-1: Foul Ball, location: 2F
1-2: Fly out, F7 (Flyball, 78S)
Batting: RHB Gilberto Tovar 0-0: Called Strike
0-1: Called Strike
0-2: Ball
1-2: Ground out 6-3 (Groundball, 6)
Bottom of the 10th over - 0 run(s), 0 hit(s), 0 error(s), 0 left on base; Chula Vista 1 - Salem 1
TOP OF THE 11TH
Chula Vista Tacos batting - Pitching for Salem Sledgehammers : RHP Juan Herrera
Batting: RHB Juan Morales 0-0: Called Strike
0-1: Fly out, F8 (Flyball, 8RM)
Batting: RHB Matt O'Rourke 0-0: Ball
1-0: Called Strike
1-1: Swinging Strike
1-2: Fly out, F9 (Flyball, 9)
Batting: RHB Gerald Davis 0-0: Ball
1-0: Ball
2-0: Foul Ball, location: 2F
2-1: Fly out, F8 (Flyball, 89M)
Top of the 11th over - 0 run(s), 0 hit(s), 0 error(s), 0 left on base; Chula Vista 1 - Salem 1
BOTTOM OF THE 11TH
Salem Sledgehammers batting - Pitching for Chula Vista Tacos : RHP Rick Hernández
Pitching: LHP Alejandro Flores
Batting: RHB Gilberto Silva 0-0: Ball
1-0: SINGLE (Groundball, 6MD)
Batting: RHB Glenn Broadwater 0-0: SINGLE (Groundball, 34D)
Gilberto Silva to second
Runner from 2nd tries for 3rd, OUT!
Glenn Broadwater to second
Batting: RHB Fernando Bórquez 0-0: Called Strike
0-1: Ball
1-1: Fly out, F7 (Flyball, 78S)
Batting: RHB Luis Bustamante 0-0: Hit by Pitch
Batting: RHB José García 0-0: Ball
1-0: SINGLE (Groundball, 4MD)
Glenn Broadwater to third
Luis Bustamante to second
Runner from 3rd tries for Home, SAFE, throw made at trailing runner, OUT at third!
Bottom of the 11th over - 1 run(s), 3 hit(s), 0 error(s), 1 left on base; Chula Vista 1 - Salem 2
Thursday, March 30th, 2017 - OOTP Baseball 17.12 Build 75